 Dungeon Crawl Stone Soup version 0.30.1-9-gdf580d7c3d (webtiles) character file.

Game seed: 17047278108095371113

8410 NorthWizard01 the Brawler (level 11, 0/141 HPs)
             Began as a Troll Berserker on Sept 30, 2023.
             Was a High Priest of Trog.
             Killed from afar by a shock serpent (15 damage)
             ... with an electric aura
             ... on level 2 of the Lair of Beasts.
             The game lasted 00:24:06 (8088 turns).

NorthWizard01 the Brawler (Troll Berserker)         Turns: 8088, Time: 00:24:07

Health: 0/141      AC:  8    Str: 31    XL:     11   Next: 9%
Magic:  10/10      EV: 10    Int:  3    God:    Trog [*****.]
Gold:   572        SH:  0    Dex:  9    Spells: 10/10 levels left

rFire   + .          .
                       - Unarmed
rCold   . . .        (no shield)
rNeg    . . .        g - +1 robe {rF+}
rPois   +            (helmet restricted)
rElec   .            m - +0 cloak
rCorr   .            (gloves unavailable)
SInv    .            (boots unavailable)
Will    +....        (no amulet) Stlth
                     j - ring of poison resistance
HPRegen 1.23/turn    t - +4 ring of slaying
MPRegen 0.12/turn

%: clarity
@: berserking, lethally poisoned (0 -> -2), very quick
A: large, unfitting armour, claws 3, regeneration 1, shaggy fur 1, tough skin 1,
beak, iridescent scales 1, clarity, strong-willed 1
a: Renounce Religion, Berserk, Trog's Hand, Brothers in Arms


You were on level 2 of the Lair of Beasts.
You worshipped Trog.
Trog was extremely pleased with you.
You visited 3 branches of the dungeon, and saw 13 of its levels.

You collected 572 gold pieces.

Inventory:

Armour
 g - a +1 robe of fire resistance (worn)
 m - a +0 cloak (worn)
Jewellery
 j - a ring of poison resistance (left claw)
 o - an amulet of magic regeneration
 t - a +4 ring of slaying (right claw)
Wands
 r - a wand of roots (18)
 y - a wand of paralysis (5)
 z - a wand of acid (7)
 A - a wand of mindburst (9)
Scrolls
 a - 3 scrolls of blinking
 b - a scroll of fog
 e - 5 scrolls of butterflies
 h - 3 scrolls of identify
 k - 3 scrolls of teleportation
 l - a scroll of magic mapping {unknown}
 n - a scroll of silence
 p - a scroll of brand weapon {unknown}
 q - 2 scrolls of enchant armour {unknown}
 v - a scroll of immolation {unknown}
 x - a scroll of acquirement {unknown}
Potions
 c - 2 potions of flight
 d - 2 potions of curing
 f - 3 potions of mutation
 i - 2 potions of haste
 s - a potion of might {unknown}
 u - 2 potions of attraction
 w - a potion of heal wounds {unknown}


   Skills:
 - Level 2.4 Fighting
 - Level 2.6 Maces & Flails
 - Level 2.4 Dodging
 + Level 16.8 Unarmed Combat


You had 10 spell levels left.
You didn't know any spells.
Your spell library was empty.

Dungeon Overview and Level Annotations

Branches:
Dungeon (9/15)             Temple (0/1) D:6            Lair (3/5) D:8
  Snake (1/4) Lair:2
  Swamp: Lair:2-3    Shoals: Lair:2-3       Orc: D:9-12

Altars:
Dithmenos
Fedhas
Gozag
Hepliaklqana
Makhleb
Nemelex Xobeh
Okawaru
Qazlal
Ru
Vehumet
Wu Jian
Zin
Lugonu

Shops:
D:3 =

Portals:
Abyss: D:6


Innate Abilities, Weirdness & Mutations

You are too large for most types of armour.
You have claws for hands.
Your natural rate of healing is unusually fast.
You are covered in fur. (AC +1)
You have tough skin. (AC +1)
You have a beak for a mouth.
You are partially covered in iridescent scales. (AC +2)
You possess an exceptional clarity of mind.
You are strong-willed. (Will+)


Message History

Found 18 gold pieces.
There is a staircase back to the Lair here.
A shock serpent comes into view.
Found 21 gold pieces.
The shock serpent hisses angrily.
You scratch the naga.
The naga is lightly wounded.
The black mamba barely misses you. The naga hits you with a +0 battleaxe!
The naga grabs you. The naga constricts you.
You escape the naga's grasp.
The black mamba bites you! The black mamba bites you!
The naga spits poison at you. The splash of poison misses you.
The black mamba closely misses you.
There is a staircase back to the Lair, spattered with blood here.
The black mamba bites you!
You are poisoned.
The black mamba poisons you! The naga spits poison at you.
The splash of poison hits you but does no damage.
You resist. The shock serpent bites you. The shock serpent shocks you!
The black mamba bites you but does no damage.
You climb upwards.
Welcome back to the Lair of Beasts!
You feel very sick.
There is a staircase to the Snake Pit, spattered with blood here.
Okay, then.
A red film seems to cover your vision as you go berserk!
You feel yourself moving faster!
You feel mighty!
You feel sick. The shock serpent bites you.
* * * LOW HITPOINT WARNING * * *
The shock serpent shocks you!
* * * LOW HITPOINT WARNING * * *
The black mamba bites you.
* * * LOW HITPOINT WARNING * * *
The black mamba bites you.
* * * LOW HITPOINT WARNING * * *
The shock serpent barely misses you.
You mangle the shock serpent!! Your claw misses the shock serpent.
The shock serpent is moderately wounded.
The shock serpent's electric aura discharges, shocking you!
You die...

... ##...... ..##
#....... ##..#
#####...>†. ##P..#
###.##.....<.
.....####..#........>
#....††....P......
###.†..P#...........
#...P..######.......
#PP.#.@..## ##......
#.....SPS.# #####.P
............P ###
P.###....#..... .
#.#..##...... #####
###..# ###.P. .#P.#.
#.## .#. ...... .. #
...... ....


You could see a shock serpent and a black mamba.

Vanquished Creatures
  3 cane toads
  A troll (D:8)
  Grinder (D:3)
  11 yaks
  A wyvern (D:4)
  Eustachio (D:5)
  A basilisk (Lair:1)
  Grum (Lair:1)
  Edmund (D:5)
  9 water moccasins
  3 orc warriors
  2 ice beasts
  2 ogres
  3 black bears
  A centaur (D:8)
  6 wolves
  Blork the orc (D:4)
  2 kobold brigands (D:6)
  7 bullfrogs
  4 scorpions (D:5)
  5 wights (D:5)
  5 howler monkeys
  4 electric eels (D:8)
  4 jellies
  4 orc priests
  7 hounds
  Crazy Yiuf (D:3)
  Ijyb (D:5)
  3 iguanas
  9 orc wizards
  4 adders
  4 gnolls (D:2)
  A shadow imp (D:8)
  3 worms
  4 dart slugs
  26 orcs
  8 ball pythons
  8 bats
  4 endoplasms
  2 giant cockroaches
  4 goblins
  3 hobgoblins
  7 jackals
  9 quokkas
  3 frilled lizards
  10 kobolds
  8 rats
212 creatures vanquished.

Notes
Turn   | Place    | Note
-------+----------+-------------------------------------------
     0 | D:1      | NorthWizard01 the Troll Berserker began the quest for the
                  | Orb.
     0 | D:1      | Reached XP level 1. HP: 22/22 MP: 0/0
   161 | D:1      | Reached skill level 1 in Unarmed Combat
   178 | D:1      | Reached XP level 2. HP: 29/29 MP: 1/1
   497 | D:1      | Reached skill level 2 in Unarmed Combat
   668 | D:2      | Reached XP level 3. HP: 36/36 MP: 2/2
   715 | D:2      | Reached skill level 3 in Unarmed Combat
   757 | D:2      | Reached XP level 4. HP: 6/44 MP: 3/3
   808 | D:2      | Reached ** piety under Trog
   908 | D:2      | Reached skill level 4 in Unarmed Combat
  1179 | D:3      | Found a faded altar of an unknown god.
  1398 | D:3      | Found Gucal's Jewellery Boutique.
  1524 | D:3      | Found a runed translucent door.
  1525 | D:3      | Noticed Crazy Yiuf
  1746 | D:3      | Noticed Grinder
  1746 | D:3      | Paralysed by Grinder for 3 turns
  1758 | D:3      | Killed Grinder
  1759 | D:3      | Reached skill level 6 in Unarmed Combat
  1759 | D:3      | Reached XP level 5. HP: 50/50 MP: 4/4
  1759 | D:3      | Reached XP level 6. HP: 59/59 MP: 5/5
  2054 | D:3      | Killed Crazy Yiuf
  2127 | D:3      | Gained mutation: You are partially covered in iridescent
                  | scales. (AC +2) [potion of mutation]
  2127 | D:3      | Gained mutation: You have a beak for a mouth. [potion of
                  | mutation]
  2127 | D:3      | Gained mutation: You possess an exceptional clarity of
                  | mind. [potion of mutation]
  2127 | D:3      | Gained mutation: You are strong-willed. (Will+) [potion of
                  | mutation]
  2344 | D:4      | Reached skill level 7 in Unarmed Combat
  2665 | D:4      | Reached XP level 7. HP: 62/66 MP: 6/6
  2689 | D:4      | Noticed a wyvern
  2696 | D:4      | Killed a wyvern
  2697 | D:4      | Reached skill level 8 in Unarmed Combat
  2729 | D:4      | Reached *** piety under Trog
  2893 | D:5      | Entered Level 5 of the Dungeon
  2930 | D:5      | Noticed Ijyb
  2937 | D:5      | Killed Ijyb
  2943 | D:5      | Noticed Edmund
  2958 | D:5      | Killed Edmund
  2959 | D:5      | Reached skill level 9 in Unarmed Combat
  2982 | D:5      | Reached XP level 8. HP: 74/74 MP: 7/7
  3006 | D:5      | Found a shadowy altar of Dithmenos.
  3007 | D:5      | Found a blossoming altar of Fedhas.
  3060 | D:5      | Noticed Eustachio
  3072 | D:5      | Killed Eustachio
  3319 | D:4      | Reached skill level 10 in Unarmed Combat
  3326 | D:4      | Noticed Blork the orc
  3331 | D:4      | Killed Blork the orc
  3750 | D:5      | Reached skill level 11 in Unarmed Combat
  3891 | D:5      | Reached XP level 9. HP: 35/76 MP: 8/8
  3899 | D:5      | Reached **** piety under Trog
  4050 | D:5      | Found an opulent altar of Gozag.
  4266 | D:6      | Reached skill level 12 in Unarmed Combat
  4457 | D:6      | Found a one-way gate to the infinite horrors of the Abyss.
  4587 | D:6      | Found a large runed translucent door.
  4588 | D:6      | Found a large runed translucent door.
  4588 | D:6      | Found a corrupted altar of Lugonu.
  4787 | D:6      | Found a glowing silver altar of Zin.
  4878 | D:6      | Found a staircase to the Ecumenical Temple.
  5413 | D:7      | Reached skill level 13 in Unarmed Combat
  5513 | D:7      | Reached ***** piety under Trog
  5613 | D:7      | Found a sparkling altar of Nemelex Xobeh.
  5623 | D:7      | Found an ornate altar of the Wu Jian Council.
  5626 | D:7      | Found a burning altar of Makhleb.
  5627 | D:7      | Found a radiant altar of Vehumet.
  5628 | D:7      | Found a stormy altar of Qazlal.
  5630 | D:7      | Found a hazy altar of Hepliaklqana.
  5631 | D:7      | Found a sacrificial altar of Ru.
  6090 | D:8      | Reached skill level 14 in Unarmed Combat
  6104 | D:8      | Reached XP level 10. HP: 55/88 MP: 9/9
  6245 | D:8      | Found a staircase to the Lair.
  6300 | Lair:1   | Entered Level 1 of the Lair of Beasts
  6300 | Lair:1   | Noticed a cane toad
  6300 | Lair:1   | Noticed a cane toad
  6801 | D:8      | Found an iron altar of Okawaru.
  6892 | D:8      | Killed a cane toad
  6895 | D:8      | Killed a cane toad
  6926 | Lair:1   | Reached skill level 15 in Unarmed Combat
  6929 | Lair:1   | Noticed Grum
  6960 | D:8      | HP: 2/132 [yak (11)]
  7028 | Lair:1   | Killed Grum
  7086 | Lair:1   | Noticed a cane toad
  7091 | Lair:1   | Killed a cane toad
  7162 | Lair:1   | Reached skill level 16 in Unarmed Combat
  7749 | Lair:1   | Reached XP level 11. HP: 94/94 MP: 10/10
  8036 | Lair:2   | Found a staircase to the Snake Pit.
  8079 | Snake:1  | Entered Level 1 of the Snake Pit
  8080 | Snake:1  | Noticed a shock serpent
  8088 | Lair:2   | Killed from afar by a shock serpent

Illustrated notes

Levels and vault maps discovered:
D:1:      dpeg_arrival_fog, layout_basic
D:2:      layout_basic
D:3:      layout_basic, nicolae_ecumenical_oubliette, serial_shops,
          nicolae_shop_statue_plus, amcnicky_mini_pool_small,
          uniq_crazy_yiuf_cottage, uniq_grinder
D:4:      minmay_chambers_of_fours, layout_layer_cave, uniq_blork_the_orc
D:5:      layout_cave_pools, grunt_gozag_breadcrumbs,
          amethyst_overflow_temple_binary, cheibrodos_sewer_entry_drain,
          uniq_edmund, uniq_ijyb, uniq_eustachio
D:6:      due_chaos_kobolds, layout_basic, mainiacjoe_overflow_alcove_4,
          lemuel_temple_firewalk_b, serial_glass, glass_columns_a,
          glass_columns_c, glass_columns_b, glass_columns_b, due_unseen_surprise
D:7:      layout_cave_pools, minitemple
D:8:      layout_layer_cave, lemuel_round_altar, erik_lair_island
D:9:      lemuel_castle_with_subvaults [lemuel_castle_interior_carwin_3],
          layout_irregular_city, nicolae_straight_to_the_point
Lair:1:   layout_hall_layers, uniq_grum
Lair:2:   layout_concentric_octagons, minmay_snake_entry_six_corridors,
          beast_lair_carwin_4, lemuel_fruit_tree, infiniplex_staircase_pool
Lair:3:   layout_chaotic_city, nicolae_shoals_entry_roost,
          nicolae_lair_lil_pond, infiniplex_staircase_pool_2, grunt_megastairs_5
Snake:1:  layout_chambers

Skill      XL: |  1  2  3  4  5  6  7  8  9 10 |
---------------+-------------------------------+-----
Unarmed Combat | 1 2 3 6 7 9 11 14 16 | 16.8
Fighting       | |  2.4
Maces & Flails | |  2.6
Dodging        | |  2.4

Action                     |  1- 3 |  4- 6 |  7- 9 | 10-12 || total
---------------------------+-------+-------+-------+-------++-------
  Melee: Unarmed           |    64 |   109 |   263 |   106 ||   542
         Punch             |     1 |     3 |    11 |     6 ||    21
         Peck              |       |     1 |    32 |    18 ||    51
 Invoke: Berserk           |     1 |     1 |     9 |     5 ||    16
    Use: Scroll            |     1 |     2 |     6 |     1 ||    10
         Potion            |       |     2 |     5 |     1 ||     8
   Stab: Sleeping          |       |     1 |       |       ||     1
 Armour: Animal skin       |    22 |    33 |    32 |       ||    87
         Robe              |       |       |    53 |    32 ||    85
  Dodge: Dodged            |    31 |    48 |   128 |    49 ||   256
